 Dungeon Crawl Stone Soup version 0.32-a0-576-g706899e69d (webtiles) character file.

Game seed: 4049025700406244341

314 Dittersdorf the Trooper (level 6, -1/39 HPs)
             Began as a Gargoyle Fighter on Mar 1, 2024.
             Slain by an iguana (4 damage)
             ... on level 5 of the Dungeon.
             The game lasted 00:02:54 (3838 turns).

Dittersdorf the Trooper (Gargoyle Fighter)          Turns: 3838, Time: 00:02:54

Health: -1/39      AC: 12    Str: 22    XL:     6   Next: 43%
Magic:  6/6        EV:  9    Int:  8    God:
Gold:   275        SH:  9    Dex:  9    Spells: 5/5 levels left

rFire   . . .        t - +3 whip
rCold   . . .        c - +0 buckler
rNeg    + . .        b - +0 scale mail
rPois   ∞            (no helmet)
rElec   +            m - +0 cloak
rCorr   .            (no gloves)
SInv    .            (no boots)
Will    +....        n - amulet of reflection Stlth
                     e - ring of willpower
HPRegen 0.26/turn    (no ring)
MPRegen 0.10/turn

%: reflection
@: no status effects
A: sickness immunity, AC +4, negative energy resistance 1, electricity
resistance, torment resistance 1, petrification resistance
a: no special abilities


You were on level 5 of the Dungeon.
You visited 1 branch of the dungeon, and saw 5 of its levels.

You collected 275 gold pieces.

Inventory:

Hand Weapons
 a - a +0 flail
 t - a +3 whip (weapon)
Armour
 b - a +0 scale mail (worn)
 c - a +0 buckler (worn)
 m - a +0 cloak (worn)
Jewellery
 e - a ring of willpower (left hand)
 n - an amulet of reflection (around neck)
 r - an amulet of the acrobat
Scrolls
 f - 3 scrolls of teleportation
 o - a scroll of identify {unknown}
 p - a scroll of immolation {unknown}
 s - a scroll of acquirement {unknown}
 w - a scroll of summoning {unknown}
Potions
 d - a potion of might
 g - 4 potions of curing {unknown}
 j - a potion of heal wounds {unknown}
 l - 3 potions of enlightenment {unknown}
 q - a potion of magic {unknown}
 u - a potion of mutation {unknown}
 v - a potion of attraction {unknown}


   Skills:
 + Level 4.7 Fighting
 + Level 3.7 Maces & Flails
 + Level 4.7 Armour
 + Level 4.7 Shields


You had 5 spell levels left.
You didn't know any spells.
Your spell library was empty.

Dungeon Overview and Level Annotations

Branches:
Dungeon (5/15)
 Temple: D:4-7

Altars:
Fedhas
Nemelex Xobeh
Qazlal
Zin
The Shining One


Innate Abilities, Weirdness & Mutations

You are immune to sickness and miasma.
Your stone body is resilient. (AC +4)
You are immune to poison.
You resist negative energy. (rN+)
You are resistant to electric shocks. (rElec)
You are resistant to unholy torment.
You are immune to petrification.


Message History

You are too injured to fight recklessly!
You are too injured to fight recklessly!
You are too injured to fight recklessly!
You are too injured to fight recklessly!
You are too injured to fight recklessly!
You are too injured to fight recklessly!
You are too injured to fight recklessly!
You are too injured to fight recklessly!
You are too injured to fight recklessly!
You are too injured to fight recklessly!
You are too injured to fight recklessly!
You are too injured to fight recklessly!
You are too injured to fight recklessly!
You are too injured to fight recklessly!
You are too injured to fight recklessly!
You are too injured to fight recklessly!
You are too injured to fight recklessly!
You are too injured to fight recklessly!
You are too injured to fight recklessly!
You are too injured to fight recklessly!
You are too injured to fight recklessly!
You are too injured to fight recklessly!
You are too injured to fight recklessly!
You are too injured to fight recklessly!
You barely miss the iguana. The iguana bites you!
* * * LOW HITPOINT WARNING * * *
The phantom hits you but does no damage.
You hit the iguana.
The iguana is moderately wounded.
You block the phantom's attack. You block the iguana's attack.
You hit the iguana.
The iguana is heavily wounded.
The phantom hits you.
* * * LOW HITPOINT WARNING * * *
You block the iguana's attack.
You hit the iguana but do no damage.
The iguana is heavily wounded.
The phantom hits you but does no damage.
The iguana bites you.
You die...

****** #.....* #.###.#...
#.....*##.# #.#### * #.....##..#
#.# * ##########...## #.# *
#......##..### #.# **
#......'..##****#.# ,*
##......#...(....#.# ,*
**##.....l.#........#+****
,*******,.......@.#.........,,,,,
,,,,,**,,###...W..#.........,,,,,
****,**,** #############....,∩,,,
*,**,* *****....,,,,, *,,,,*
*,,,,,...,,,,, ****>,********
*,,,,,,,,,,,,, ,,,,,,,,,,,,,*
*,,,,,,,,,,,,, ****,*******,*
*,,,,,,,,,,,,, *,* *,*
*,,,,,,,,,,,,,


You could see a phantom and an iguana.

Vanquished Creatures
  2 bombardier beetles
  Crazy Yiuf (D:2)
  A gnoll bouda (D:4)
  An orc wizard (D:3)
  4 gnolls (D:4)
  3 adders
  5 dart slugs
  A ribbon worm (D:3)
  4 orcs (D:3)
  5 ball pythons
  3 bats
  9 endoplasms
  6 giant cockroaches
  4 goblins
  6 hobgoblins
  7 kobolds
  6 quokkas
  10 frilled lizards
  6 rats
84 creatures vanquished.

Notes
Turn   | Place    | Note
-------+----------+-------------------------------------------
     0 | D:1      | Dittersdorf the Gargoyle Fighter began the quest for the
                  | Orb.
     0 | D:1      | Reached XP level 1. HP: 14/14 MP: 1/1
    34 | D:1      | Reached XP level 2. HP: 5/19 MP: 2/2
   253 | D:1      | Reached XP level 3. HP: 22/23 MP: 3/3
   775 | D:2      | Found a runed translucent door.
   776 | D:2      | Noticed Crazy Yiuf
   873 | D:2      | Reached XP level 4. HP: 28/29 MP: 4/4
  1851 | D:2      | Killed Crazy Yiuf
  2035 | D:3      | Reached XP level 5. HP: 33/33 MP: 5/5
  2121 | D:3      | Found a stormy altar of Qazlal.
  2129 | D:3      | Found a blossoming altar of Fedhas.
  2258 | D:3      | Found a sparkling altar of Nemelex Xobeh.
  2258 | D:3      | Found a glowing golden altar of the Shining One.
  2898 | D:4      | Reached XP level 6. HP: 9/39 MP: 6/6
  3378 | D:4      | Found a glowing silver altar of Zin.
  3627 | D:5      | Entered Level 5 of the Dungeon
  3838 | D:5      | Slain by an iguana

Illustrated notes

Levels and vault maps discovered:
D:1:      saegor_arrival_miasma, layout_basic, serial_forest,
          infiniplex_forest_lined_2, infiniplex_forest_clump_diagonal,
          infiniplex_forest_lined_room_2, infiniplex_forest_clump_double,
          infiniplex_forest_lined_3, infiniplex_forest_clump_diagonal,
          infiniplex_forest_clump_tiny
D:2:      layout_basic, supply_closet_lemuel, lexackson_kobold_supper,
          uniq_crazy_yiuf_cottage
D:3:      layout_basic, gammafunk_temple_overflow_pools,
          grunt_temple_overflow_forces_of_nature, dk_noncrumbling_3,
          minmay_ruptured
D:4:      layout_rooms, zin_scriptorium
D:5:      layout_basic, okawaru_trees_2, serial_shops, shop, uniq_menkaure

Skill      XL: |  1  2  3  4 |
---------------+-------------+-----
Fighting       | 4 |  4.7
Maces & Flails | 3 |  3.7
Armour         | 4 |  4.7
Shields        | 4 |  4.7

Action                     |  1- 3 |  4- 6 || total
---------------------------+-------+-------++-------
  Melee: Flail             |   117 |   156 ||   273
         Whip              |       |    60 ||    60
    Use: Scroll            |       |     4 ||     4
 Armour: Scale mail        |    75 |   133 ||   208
  Dodge: Dodged            |    54 |    68 ||   122
  Block: Buckler           |    28 |    62 ||    90

Table legend: (Time is in decaauts)
 A = Elapsed time spent in this place.
 B = Non-inter-level travel time spent in this place.
 C = Inter-level travel time spent in this place.
 D = Time resting spent in this place.
 E = Time spent auto-exploring this place.
 F = Levels seen in this place.
 G = Mean time per level.
                   A        B        C        D        E       F      G
               +--------+--------+--------+--------+--------+-----+--------+
         Total |   3948 |   3770 |    178 |    394 |   2662 |   5 |  789.6 |
       Dungeon |   3948 |   3770 |    178 |    394 |   2662 |   5 |  789.6 |
               +--------+--------+--------+--------+--------+-----+--------+

Top non-repeatable levels by time:
     D:2: 1460 daAuts
     D:4: 870 daAuts
     D:3: 803 daAuts
     D:1: 629 daAuts
     D:5: 184 daAuts
